 Dungeon Crawl Stone Soup version 0.30.1-4-g462c640d31 (webtiles) character file.

Game seed: 11044925396420655639

3091 booth the Cleaver (level 9, -1/79 HPs)
             Began as a Hill Orc Fighter on Sept 6, 2023.
             Slain by a water moccasin (4 damage)
             ... on level 8 of the Dungeon.
             The game lasted 00:43:53 (7328 turns).

booth the Cleaver (Hill Orc Fighter)                Turns: 7328, Time: 00:43:53

Health: -1/79      AC: 14    Str: 21    XL:     9   Next: 89%
Magic:  9/9        EV:  9    Int: 10    God:
Gold:   411        SH:  5    Dex: 10    Spells: 8/8 levels left

rFire   . . .        z - +4 war axe (heavy)
rCold   . . .        c - +0 buckler
rNeg    . . .        b - +0 scale mail
rPois   .            (no helmet)
rElec   .            (no cloak)
rCorr   .            D - +0 pair of gloves
SInv    .            B - +0 pair of boots
Will    +....        (no amulet) Stlth
                     f - +4 ring of protection
HPRegen 0.33/turn    o - ring of willpower
MPRegen 0.11/turn

%: no passive effects
@: mighty, lethally poisoned (-1 -> -5)
A: no striking features
a: no special abilities


You were on level 8 of the Dungeon.
You visited 1 branch of the dungeon, and saw 8 of its levels.
You also visited: Ossuary.

You collected 411 gold pieces.

Inventory:

Hand Weapons
 a - a +1 war axe of protection
 h - a +0 flail
 j - a +0 mace
 z - a +4 heavy war axe (weapon)
Missiles
 i - 3 poisoned darts
 r - 6 javelins (quivered)
 w - 8 boomerangs
Armour
 b - a +0 scale mail (worn)
 c - a +0 buckler (worn)
 q - the -1 buckler of the Evil One {rN+ Stlth+}
   (You acquired it on level 5 of the Dungeon)

   rN:        It protects you from negative energy.
   Stlth:     It makes you more stealthy.
 B - a +0 pair of boots (worn)
 C - a +0 plate armour
 D - a +0 pair of gloves (worn)
Jewellery
 f - a +4 ring of protection (left hand)
 o - a ring of willpower (right hand)
 p - a ring of resist corrosion
 s - a ring of flight
 t - a +6 ring of dexterity
Wands
 A - a wand of mindburst (14)
Scrolls
 e - a scroll of blinking
 g - a scroll of torment
 n - a scroll of magic mapping
 u - 2 scrolls of fog {unknown}
 y - 2 scrolls of amnesia
 E - a scroll of summoning {unknown}
 F - a scroll of fear {unknown}
Potions
 d - a potion of might
 k - 4 potions of mutation
 l - 2 potions of lignification
 v - a potion of invisibility
 x - a potion of attraction


   Skills:
 + Level 7.1 Fighting
 * Level 10.1(11.0) Axes
 + Level 5.5(7.8) Maces & Flails
 + Level 3.3 Throwing
 + Level 6.6 Armour
 + Level 6.6 Shields


You had 8 spell levels left.
You didn't know any spells.
Your spell library contained the following spells:

 Spells                   Type           Power      Damage    Failure   Level
 Apportation              Tloc           0%         N/A       75%         1
 Magic Dart               Conj           0%         1d3       75%         1
 Call Imp                 Summ           0%         N/A       86%         2
 Lesser Beckoning         Tloc           0%         N/A       86%         2
 Call Canine Familiar     Summ           0%         N/A       98%         3
 Frozen Ramparts          Ice            0%         1d1       98%         3
 Gell's Gravitas          Tloc           0%         N/A       98%         3
 Mephitic Cloud           Conj/Pois/Air  0%         N/A       98%         3
 Portal Projectile        Hex/Tloc       0%         N/A       98%         3
 Teleport Other           Tloc           0%         N/A       98%         3
 Tukima's Dance           Hex            0%         N/A       98%         3
 Animate Dead             Necr           0%         N/A       100%        4
 Ice Form                 Ice/Tmut       0%         N/A       100%        4
 Leda's Liquefaction      Hex/Erth       0%         N/A       100%        4
 Summon Ice Beast         Ice/Summ       0%         N/A       100%        4
 Alistair's Intoxication  Tmut/Pois      0%         N/A       100%        5
 Blade Hands              Tmut           0%         N/A       100%        5
 Borgnjor's Vile Clutch   Necr/Erth      0%         N/A       100%        5
 Death Channel            Necr           0%         N/A       100%        6


Dungeon Overview and Level Annotations

Branches:
Dungeon (8/15)             Temple (0/1) D:5         Ossuary (visited)
   Lair: D:8-11

Altars:
Cheibriados
Dithmenos
Gozag
Kikubaaqudgha
Nemelex Xobeh
Qazlal
Sif Muna
Uskayaw
Xom
Yredelemnul

Shops:
D:2 =?

Annotations:
D:7 1 transporter


Message History

The wight hits you from afar with a +3 spear!
* * * LOW HITPOINT WARNING * * *
The gnoll hits you with a +0 flail.
* * * LOW HITPOINT WARNING * * *
Blink to where?
Press: ? - help, Dir - move target
As you read the scroll of blinking, it crumbles to dust.
You block the water moccasin's attack.
The water moccasin bites you but does no damage.
The water moccasin barely misses you.
The water moccasin attacks as you move away!
The water moccasin bites you but does no damage.
The water moccasin attacks as you move away!
The water moccasin bites you but does no damage.
Found a bronze wand.
The water moccasin closely misses you.
The water moccasin attacks as you move away!
The water moccasin bites you but does no damage.
The water moccasin bites you.
* * * LOW HITPOINT WARNING * * *
The water moccasin attacks as you move away!
The water moccasin barely misses you.
The water moccasin attacks as you move away!
You block the water moccasin's attack. The water moccasin bites you.
* * * LOW HITPOINT WARNING * * *
You are lethally poisoned!
The water moccasin poisons you!
* * * LOW HITPOINT WARNING * * *
You feel very sick. You block the water moccasin's attack.
The water moccasin bites you but does no damage.
The water moccasin attacks as you move away!
The water moccasin bites you but does no damage.
* * * LOW HITPOINT WARNING * * *
You feel sick.
Okay, then.
* * * LOW HITPOINT WARNING * * *
You feel sick.
The water moccasin attacks as you move away!
The water moccasin bites you.
You die...

#.....##......# ..
#.....##..###.#
#.....##....#.####### ..
#.....##(.#.........# ##
#.....##..###.#####.###
#............# #....#
##.#####.....####..#.##
#........S...##.......# #
#..<.##(@S..z##....#..###
#.##.##......gz..........
#. .##......##.......≈§≈
#. .##......##.#.#...§##
#. .##.#######.###.####
#. .... #/....# ## .###
#####.# #.# #.. #.#


You could see 2 water moccasins, 2 wights and a gnoll.

Vanquished Creatures
  Maggie (D:7)
  A wyvern (D:8)
  2 steam dragons (D:8)
  Edmund (D:4)
  A water moccasin (D:8)
  An orc warrior (D:6)
  A black bear (D:6)
  A sky beast (D:7)
  2 ice beasts
  An ogre (D:5)
  2 centaurs (D:7)
  2 elf zombies (Ossuary)
  Blork the orc (D:6)
  A bullfrog (D:6)
  4 scorpions
  2 wights (D:8)
  A centaur zombie (Ossuary)
  A hound (D:6)
  2 human zombies (Ossuary)
  2 jellies
  5 iguanas
  3 orc wizards
  2 sleepcaps
  3 hound zombies (Ossuary)
  3 mummies (Ossuary)
  4 gnolls (D:4)
  13 adders
  A shadow imp (D:5)
  3 white imps
  An ufetubus (D:5)
  4 adder zombies (Ossuary)
  2 worms (D:2)
  4 dart slugs
  12 orcs
  9 endoplasms
  5 giant cockroaches
  3 gnoll zombies (Ossuary)
  8 goblins
  9 hobgoblins
  2 jackals (D:5)
  11 kobolds
  3 quokkas
  8 ball pythons
  2 bats
  4 frilled lizards
  A goblin zombie (Ossuary)
  2 hobgoblin zombies (Ossuary)
  A jackal zombie (Ossuary)
  2 kobold zombies (Ossuary)
  2 orc zombies (Ossuary)
  4 quokka zombies (Ossuary)
  6 rats
  7 rat zombies (Ossuary)
179 creatures vanquished.

Vanquished Creatures (others)
  An orc wizard (D:8)
1 creature vanquished.

Grand Total: 180 creatures vanquished

Notes
Turn   | Place    | Note
-------+----------+-------------------------------------------
     0 | D:1      | booth the Hill Orc Fighter began the quest for the Orb.
     0 | D:1      | Reached XP level 1. HP: 19/19 MP: 1/1
   177 | D:1      | Reached skill level 3 in Axes
   247 | D:1      | Reached XP level 2. HP: 25/27 MP: 2/2
   570 | D:1      | Reached XP level 3. HP: 30/32 MP: 3/3
   688 | D:1      | Reached skill level 1 in Maces & Flails
  1084 | D:2      | Found Limaoph's Jewellery Emporium.
  1206 | D:2      | Found a faded altar of an unknown god.
  1313 | D:2      | Reached XP level 4. HP: 40/40 MP: 4/4
  1329 | D:2      | Reached skill level 4 in Axes
  1421 | D:2      | Found Qoovel's Magic Scroll Boutique.
  1504 | D:2      | Found a shadowy altar of Dithmenos.
  1971 | D:3      | Reached XP level 5. HP: 46/46 MP: 5/5
  2063 | D:3      | Found a shimmering altar of Xom.
  2486 | D:3      | Found a snail-covered altar of Cheibriados.
  2737 | D:4      | Reached skill level 5 in Axes
  2764 | D:4      | Found a sand-covered staircase.
  2777 | Ossuary  | Entered an ossuary
  2856 | Ossuary  | Reached XP level 6. HP: 53/53 MP: 6/6
  3294 | Ossuary  | Reached skill level 6 in Axes
  3294 | Ossuary  | Reached XP level 7. HP: 59/60 MP: 7/7
  3413 | Ossuary  | Reached skill level 5 in Fighting
  3540 | D:4      | Noticed Edmund
  3574 | D:4      | Killed Edmund
  3646 | D:4      | Reached skill level 5 in Shields
  3789 | D:4      | Reached skill level 7 in Axes
  4468 | D:5      | Entered Level 5 of the Dungeon
  4495 | D:5      | Reached skill level 5 in Armour
  4495 | D:5      | Reached XP level 8. HP: 69/69 MP: 8/8
  4544 | D:5      | Found a stormy altar of Qazlal.
  4577 | D:5      | Found a staircase to the Ecumenical Temple.
  5113 | D:5      | Identified 2 scrolls of acquirement
  5113 | D:5      | Acquired a +3 heavy war axe
  5115 | D:5      | Acquired the -1 buckler of the Evil One {rN+ Stlth+}
  5140 | D:6      | Reached skill level 1 in Throwing
  5160 | D:6      | Noticed Blork the orc
  5163 | D:6      | Killed Blork the orc
  5248 | D:6      | Reached skill level 8 in Axes
  5635 | D:6      | Found a hide-covered altar of Uskayaw.
  5781 | D:6      | Found a basalt altar of Yredelemnul.
  6007 | D:6      | Found a shimmering blue altar of Sif Muna.
  6221 | D:6      | Reached XP level 9. HP: 70/75 MP: 9/9
  6461 | D:7      | Noticed Maggie
  6485 | D:7      | Killed Maggie
  6486 | D:7      | Reached skill level 9 in Axes
  6762 | D:7      | Reached skill level 5 in Maces & Flails
  6803 | D:7      | Found a shadowy altar of Dithmenos.
  6969 | D:7      | Found a sparkling altar of Nemelex Xobeh.
  6969 | D:7      | Found a transporter.
  6969 | D:7      | Noticed a cyclops
  7101 | D:7      | Found an ancient bone altar of Kikubaaqudgha.
  7228 | D:8      | Found an opulent altar of Gozag.
  7289 | D:8      | Reached skill level 10 in Axes
  7327 | D:8      | HP: 3/79 [poisoned by a water moccasin]
  7328 | D:8      | Slain by a water moccasin

Illustrated notes

Levels and vault maps discovered:
D:1:      arrival_zaba_pyramid, layout_loops_ring, minmay_misc_feat_columns,
          minmay_curled_crystal, minmay_hedge_maze, minmay_tetromino_t4
D:2:      layout_loops_cross, serial_shops, nicolae_shop_advertising_works
          [nicolae_subvault_shop_adworks], nicolae_shop_rolled_up,
          hellmonk_ecumenical_altar_lost_god, basic_altar
D:3:      layout_basic, kennysheep_slug_shrine, marbit_many_paths
D:4:      layout_basic, lightli_ossuary_entry_decrepit_ruins,
          minmay_misc_feat_rows, corexii_corridor_pit, chequers_arboretum,
          uniq_edmund
D:5:      layout_loops_ring, grunt_qazlal_sundering, minmay_temple_entry_waves,
          small_statue_intersection
D:6:      layout_basic, nicolae_uskayaw_dance_hall, kennysheep_orc_sif_temple,
          kennysheep_mini_moat, serial_bayou_pond_c, uniq_blork_the_orc
D:7:      layout_gridville, kennysheep_mini, grunt_dithmenos_smoke,
          grunt_nemelex_the_gamble, uniq_maggie
D:8:      layout_loops_cross, mainiacjoe_overflow_catwalk,
          lightli_temple_of_fire, due_lair_maze_entry_diamond, enter_bailey_3

Skill      XL: |  1  2  3  4  5  6  7  8  9 |
---------------+----------------------------+-----
Axes           | 3 4 5 6 7 8 10 | 10.1
Maces & Flails | 1 2 3 4 5 |  5.5
Fighting       | 4 5 6 7 |  7.1
Shields        | 4 5 6 |  6.6
Armour         | 4 5 6 |  6.6
Throwing       | 2 3 |  3.3

Action                     |  1- 3 |  4- 6 |  7- 9 || total
---------------------------+-------+-------+-------++-------
  Melee: War axe           |   124 |   206 |   225 ||   555
  Throw: Dart              |       |       |     9 ||     9
         Javelin           |       |       |     3 ||     3
         Boomerang         |       |       |     4 ||     4
    Use: Scroll            |     3 |     4 |    11 ||    18
         Potion            |     1 |     1 |     5 ||     7
 Armour: Scale mail        |    46 |    94 |   119 ||   259
  Dodge: Dodged            |    48 |    74 |   104 ||   226
  Block: Buckler           |    21 |    31 |    47 ||    99
